 Dungeon Crawl Stone Soup version 0.31-a0-853-gc9b61b78f7 (webtiles) character file.

Game seed: 4303517813114950046

336 BinkBink the Shooter (level 6, -18/32 HPs)
             Began as a Spriggan Hunter on Oct 8, 2023.
             Was an Initiate of the Shining One.
             Demolished by Menkaure (21 damage)
             ... on level 4 of the Dungeon.
             The game lasted 00:05:49 (3335 turns).

BinkBink the Shooter (Spriggan Hunter)              Turns: 3335, Time: 00:05:50

Health: -18/32     AC:  3    Str:  7    XL:     6   Next: 28%
Magic:  7/7        EV: 20    Int: 11    God:    the Shining One [......]
Gold:   243        SH:  0    Dex: 20    Spells: 5/5 levels left

rFire   . . .        a - +0 shortbow
rCold   . . .        (shield currently unavailable)
rNeg    . . .        c - +0 robe
rPois   .            (helmet restricted)
rElec   .            q - +0 cloak
rCorr   .            (gloves unavailable)
SInv    +            (boots unavailable)
Will    ++...        (no amulet)
Stlth   +            k - ring of willpower
HPRegen 0.25/turn    (no ring)
MPRegen 0.10/turn

%: no passive effects
@: attractive, glowing, very quick
A: very small, no large weapons, unfitting armour, see invisible, speed 3
a: Renounce Religion


You were on level 4 of the Dungeon.
You worshipped the Shining One.
The Shining One was noncommittal.
You visited 1 branch of the dungeon, and saw 4 of its levels.

You collected 243 gold pieces.

Inventory:

Hand Weapons
 a - a +0 shortbow (weapon)
Armour
 c - a +0 robe (worn)
 q - a +0 cloak (worn)
Jewellery
 k - a ring of willpower (left hand)
Wands
 x - a wand of mindburst (10)
Scrolls
 d - 4 scrolls of identify {unknown}
 e - a scroll of blinking {unknown}
 g - a scroll of silence {unknown}
 h - 2 scrolls of revelation
 i - a scroll of enchant weapon {unknown}
 j - a scroll of noise {unknown}
 l - 2 scrolls of fog {unknown}
 r - a scroll of fear {unknown}
 t - a scroll of amnesia {unknown}
 w - a scroll of enchant armour {unknown}
Potions
 f - a potion of might {unknown}
 m - a potion of lignification {unknown}
 n - a potion of heal wounds {unknown}
 o - a potion of curing
 p - a potion of magic {unknown}
 s - a potion of enlightenment {unknown}
 u - a potion of attraction
 v - a potion of mutation {unknown}


   Skills:
 + Level 3.0 Fighting
 * Level 5.8 Ranged Weapons
 + Level 4.9 Dodging
 - Level 3.2 Stealth


You had 5 spell levels left.
You didn't know any spells.
Your spell library contained the following spells:

 Spells                   Type           Power      Damage    Failure   Level
 Dazzling Flash           Conj/Hex       0%         N/A       71%         3
 Volatile Blastmotes      Fire/Tloc      0%         2d10      71%         3
 Starburst                Conj/Fire      0%         6d3       100%        6
 Maxwell's Capacitive Co  Air            0%         ∞         100%        8


Dungeon Overview and Level Annotations

Branches:
Dungeon (4/15)             Temple (0/1) D:4

Altars:
Hepliaklqana
Makhleb
Ru
Xom
The Shining One

Annotations:
D:3 1 runed translucent door, Crazy Yiuf
D:4 Eustachio, Menkaure, Natasha


Innate Abilities, Weirdness & Mutations

You are very small and have problems with some larger weapons.
You are too small for most types of armour.
You have supernaturally acute eyesight. (SInv)
You cover ground extremely quickly. (Speed+++)


Message History

Menkaure is heavily damaged.
Natasha casts a spell.
Menkaure barely misses you.
You shoot an arrow. The arrow hits Menkaure.
Menkaure is severely damaged.
Menkaure hits you!
Ouch! That really hurt!
* * * LOW HITPOINT WARNING * * *
Natasha mewls in sadness.
You are too injured to fight recklessly!
You are too injured to fight recklessly!
Okay, then.
As you read the scroll of butterflies, it crumbles to dust.
You hear the flapping of tiny wings.
The endoplasm is knocked back by the sudden gust.
Menkaure is knocked back by the sudden gust.
The cerulean imp closely misses your butterfly.
It was a potion of attraction.
You feel attractive to monsters.
Menkaure points at you and mumbles some strange words.
Your butterfly writhes in agony.
Your butterfly dies!
Your butterfly disappears in a burst of colours!
The cerulean imp hits your butterfly with a +2 spear.
Your butterfly dies!
Your butterfly disappears in a burst of colours!
The endoplasm misses your butterfly. The cerulean imp misses your butterfly.
Menkaure is attracted toward you.
The cerulean imp is attracted toward you.
As you read the scroll labelled MAGRIA COKON, it crumbles to dust.
You feel aware of your surroundings.
You sensed 1 altar.
It was a scroll of revelation.
Menkaure casts a spell at you. You resist with almost no effort.
Natasha barely misses your butterfly.
The cerulean imp barely misses your butterfly.
The endoplasm misses your butterfly.
The cerulean imp barely misses your butterfly.
Menkaure hits you!!
Ouch! That really hurt!
You die...

,,,*#..............#
,,,*#......).......#####
,,,*#.......[..b...#####
,,,*#......J....b..#####
,,,*#......bb.bbb.b#####
,,,*#.......bbbbbbb#####
,,,*#......bbhbbbb.#####
,,,*#.....†..5bbbbb#####
,,,*#.....§bb5bM@b.#####
,,,**,,,,...bbbbbbb#####
,,,,,,,,,####bb#########
,,,,,,,,,..bb..#########
,******,,...bb.#########
,* ***###b#.######### ,*
#.....######### <*
**#.#.#.######### ,*
*,,,,,*,*


You could see Menkaure (fast, ally target), Natasha (ally target), 2 cerulean
imps and an endoplasm (ally target).

Vanquished Creatures
  2 scorpions
  A sleepcap (D:4)
  Ijyb (D:3)
  4 adders
  A white imp (D:4)
  2 worms
  4 dart slugs
  5 orcs
  5 ball pythons
  8 bats
  12 endoplasms
  5 giant cockroaches
  8 goblins
  7 hobgoblins
  5 jackals
  5 quokkas
  3 frilled lizards
  6 kobolds
  8 rats
92 creatures vanquished.

Notes
Turn   | Place    | Note
-------+----------+-------------------------------------------
     0 | D:1      | BinkBink the Spriggan Hunter began the quest for the Orb.
     0 | D:1      | Reached XP level 1. HP: 10/10 MP: 2/2
   193 | D:1      | Reached XP level 2. HP: 15/15 MP: 3/3
   528 | D:1      | Reached XP level 3. HP: 18/18 MP: 4/4
  1641 | D:3      | Reached XP level 4. HP: 23/23 MP: 5/5
  1766 | D:3      | Found a runed translucent door.
  1767 | D:3      | Noticed Crazy Yiuf
  2095 | D:3      | Found a glowing golden altar of the Shining One.
  2116 | D:3      | Found a hazy altar of Hepliaklqana.
  2119 | D:3      | Found a sacrificial altar of Ru.
  2122 | D:3      | Became a worshipper of the Shining One
  2124 | D:3      | Found a burning altar of Makhleb.
  2190 | D:3      | Found a shimmering altar of Xom.
  2302 | D:4      | Noticed a scorpion
  2375 | D:4      | Reached skill level 5 in Ranged Weapons
  2375 | D:4      | Reached XP level 5. HP: 27/27 MP: 6/6
  2672 | D:4      | Noticed Eustachio
  3006 | D:4      | Reached XP level 6. HP: 11/32 MP: 7/7
  3116 | D:4      | Noticed Ijyb
  3157 | D:3      | Killed Ijyb
  3324 | D:4      | Noticed Menkaure
  3329 | D:4      | Noticed Natasha
  3335 | D:4      | Demolished by Menkaure

Illustrated notes

Levels and vault maps discovered:
D:1:      giann_bridges, layout_basic
D:2:      layout_basic, kennysheep_generic_room_7
D:3:      layout_rooms, tgw_xom, nicolae_overflow_macrodata_refinement,
          minmay_fractal_squares_diagonal_5, uniq_crazy_yiuf_cottage
D:4:      minmay_inner_zag, layout_basic, lemuel_doored_altar,
          minmay_temple_entry_purple_smoke, uniq_menkaure, uniq_eustachio,
          uniq_ijyb, uniq_natasha

Skill      XL: |  1  2  3  4  5  6 |
---------------+-------------------+-----
Stealth        | 2 3 |  3.2
Dodging        | 3 4 |  4.9
Fighting       | 2 3 |  3.0
Ranged Weapons | 5 |  5.8

Action                     |  1- 3 |  4- 6 || total
---------------------------+-------+-------++-------
   Fire: Shortbow          |   117 |   205 ||   322
    Use: Potion            |       |     2 ||     2
         Scroll            |       |     2 ||     2
 Armour: Robe              |    17 |    33 ||    50
  Dodge: Dodged            |    64 |    73 ||   137

Table legend: (Time is in decaauts)
 A = Elapsed time spent in this place.
 B = Non-inter-level travel time spent in this place.
 C = Inter-level travel time spent in this place.
 D = Time resting spent in this place.
 E = Time spent auto-exploring this place.
 F = Levels seen in this place.
 G = Mean time per level.
                   A        B        C        D        E       F      G
               +--------+--------+--------+--------+--------+-----+--------+
         Total |   2361 |   2247 |    114 |      2 |   1592 |   4 |  590.2 |
       Dungeon |   2361 |   2247 |    114 |      2 |   1592 |   4 |  590.2 |
               +--------+--------+--------+--------+--------+-----+--------+

Top non-repeatable levels by time:
     D:3: 848 daAuts
     D:2: 562 daAuts
     D:1: 504 daAuts
     D:4: 446 daAuts
